 Dungeon Crawl Stone Soup version 0.30-a0-1114-gd936c97349 (webtiles) character file.

Game seed: 17382365542806204253

131 BlueFish the Grasshopper (level 5, -8/35 HPs)
             Began as an Octopode Warper on Apr 20, 2023.
             Mangled by an ogre
             ... wielding a +0 giant club
              (31 damage)
             ... on level 4 of the Dungeon.
             The game lasted 00:06:13 (3641 turns).

BlueFish the Grasshopper (Octopode Warper)          Turns: 3641, Time: 00:06:13

Health: -8/35      AC:  1    Str: 12    XL:     5   Next: 14%
Magic:  8/8        EV: 13    Int: 22    God:
Gold:   229        SH:  0    Dex: 11    Spells: 1/8 levels left

rFire   . . .      SeeInvis .    a - staff of poison
rCold   . . .      Faith    .    (no shield)
rNeg    . . .      Spirit   .    (helmet restricted)
rPois   +          Reflect  .    (no amulet)
rElec   .          Rampage  .    k - +6 ring of intelligence
rCorr   .                        (no ring)
Will    .....                    (no ring)
Stlth   +++                      (no ring)
HPRegen 0.25/turn                (no ring)
MPRegen 0.11/turn                (no ring)
                                 (no ring)
                                 (no ring)

@: no status effects
A: almost no armour, amphibious, 8 rings, camouflage 1, gelatinous body 1,
(nimble swimmer 1), tentacles
a: no special abilities


You were on level 4 of the Dungeon.
You visited 1 branch of the dungeon, and saw 4 of its levels.

You collected 229 gold pieces.

Inventory:

Hand Weapons
 b - a +0 sling
 m - a +0 mace
Missiles
 c - 7 boomerangs of dispersal
 i - 37 stones (quivered)
Magical Staves
 a - a staff of poison (weapon)
Jewellery
 k - a +6 ring of intelligence (left tentacle)
 r - a +6 ring of dexterity
Wands
 v - a wand of digging (3)
 x - a wand of mindburst (15)
Scrolls
 e - 3 scrolls of poison {unknown}
 j - a scroll of immolation {unknown}
 l - 3 scrolls of identify {unknown}
 n - 2 scrolls of blinking
 o - a scroll of fear {unknown}
 p - a scroll of teleportation {unknown}
 u - a scroll of acquirement {unknown}
 y - a scroll of silence {unknown}
Potions
 d - 2 potions of curing {unknown}
 f - a potion of cancellation {unknown}
 g - a potion of flight {unknown}
 h - 2 potions of magic {unknown}
 q - a potion of attraction {unknown}
 s - a potion of degeneration {unknown}
 w - 2 potions of ambrosia {unknown}


   Skills:
 + Level 2.4 Fighting
 + Level 2.4(2.5) Maces & Flails
 + Level 0.7(1.7) Staves
 + Level 1.6 Throwing
 + Level 2.7 Dodging
 * Level 3.0 Stealth
 + Level 2.4 Spellcasting
 + Level 3.2 Translocations
 * Level 1.6 Poison Magic
 * Level 0.3 Evocations


You had one spell level left.
You knew the following spells:

 Your Spells              Type           Power      Damage    Failure   Level
a - Blink                 Tloc           34%        N/A       5%          2
b - Lesser Beckoning      Tloc           34%        N/A       5%          2
c - Teleport Other        Tloc           17%        N/A       11%         3

Your spell library contained the following spells:

 Spells                   Type           Power      Damage    Failure   Level
 Vhi's Electric Charge    Tloc/Air       18%        N/A       21%         3
 Manifold Assault         Tloc           17%        N/A       34%         4
 Conjure Ball Lightning   Conj/Air       1%         3x3d6     100%        6
 Storm Form               Tmut/Air       1%         N/A       100%        7


Dungeon Overview and Level Annotations

Branches:
Dungeon (4/15)
 Temple: D:4-7

Altars:
Elyvilon

Annotations:
D:4 1 runed translucent door, Crazy Yiuf, Edmund


Innate Abilities, Weirdness & Mutations

You cannot wear most types of armour.
You are amphibious.
You can wear up to eight rings at the same time.
Your skin changes colour to match your surroundings (Stealth+).
Your rubbery body absorbs attacks. (AC +1, EV +1)
((You are camouflaged when in or above water. (Stealth+)))
You have tentacles for arms and can constrict up to eight enemies at once.


Message History

t - 2 poisoned darts (gained 1)
t - 3 poisoned darts (gained 1)
t - 4 poisoned darts (gained 1)
There is a stone staircase leading down here.
An ogre is nearby!
You don't have any such object.
Fire/throw/use which item? ([*] to toss any item) (? for menu, Esc to quit)
Okay, then.
Throw: 4 darts (poison)
Press: ? - help, Shift-Dir - straight line, f - ogre
Aim: an ogre, wielding a +0 giant club (wandering, hasn't noticed you, 72% to hit)
You throw a poisoned dart. The poisoned dart hits the ogre.
The ogre is poisoned.
The ogre shouts!
Throw: 3 darts (poison)
Press: ? - help, Shift-Dir - straight line, f/p - ogre
Aim: an ogre, wielding a +0 giant club (poisoned, 72% to hit)
You throw a poisoned dart. The poisoned dart hits the ogre.
Throw: 2 darts (poison)
Press: ? - help, Shift-Dir - straight line, f/p - ogre
Aim: an ogre, wielding a +0 giant club (lightly wounded, poisoned, 72% to hit)
You throw a poisoned dart.
The poisoned dart closely misses the ogre.
Throw: dart (poison)
Press: ? - help, Shift-Dir - straight line, f/p - ogre
Aim: an ogre, wielding a +0 giant club (lightly wounded, poisoned, 72% to hit)
You throw a poisoned dart. The poisoned dart hits the ogre.
The ogre looks even sicker.
The ogre is lightly wounded.
You shoot a sling bullet. The sling bullet hits the ogre.
The ogre is moderately wounded.
a - a staff of poison (weapon)
You barely miss the ogre.
The ogre is moderately wounded.
The ogre hits you with a +0 giant club!
You barely miss the ogre. Your squeeze misses the ogre.
The ogre is moderately wounded.
The ogre hits you with a +0 giant club!!
Ouch! That really hurt!
You die...

..............................#
#.#.#.#.#.#.###########.####..#
..............##### #.# ####
..⌠.....⌠.........#####.# #####
....._.........##.......# ##....
..⌠.....⌠...##.##.#..##.# ##.....
............##..#...###.# #......
#.#.#.#.#.#.###.##..###.###......
............###.@........##......
#######.........O.#####...#......
####....###.........#...#......
###....##..##........>##.........
....######..#....(....##.##<.....
.#### ##........<..##.##.)....
.## ###.....(.....<.#...... ..###
####.....(........)>....
#...######.......................


You could see an ogre (very poisoned).

Vanquished Creatures
  7 adders
  A dart slug (D:2)
  2 orcs (D:3)
  8 endoplasms
  A giant cockroach (D:4)
  6 hobgoblins
  3 jackals (D:3)
  A quokka (D:1)
  10 ball pythons
  3 bats (D:1)
  2 frilled lizards
  7 goblins
  6 kobolds
  5 rats
62 creatures vanquished.

Notes
Turn   | Place    | Note
-------+----------+-------------------------------------------
     0 | D:1      | BlueFish the Octopode Warper began the quest for the Orb.
     0 | D:1      | Reached XP level 1. HP: 14/14 MP: 3/3
   228 | D:1      | Reached skill level 1 in Stealth
   228 | D:1      | Reached XP level 2. HP: 19/19 MP: 5/5
   306 | D:1      | Got Sif Muna's Guidebook on the Nimbus
   780 | D:2      | Reached XP level 3. HP: 20/24 MP: 6/6
   786 | D:2      | Learned a level 2 spell: Blink
   789 | D:2      | Learned a level 2 spell: Lesser Beckoning
  1024 | D:2      | Reached XP level 4. HP: 26/29 MP: 7/7
  1029 | D:2      | Learned a level 3 spell: Teleport Other
  1091 | D:2      | Reached skill level 1 in Poison Magic
  2154 | D:3      | Found a faded altar of an unknown god.
  2658 | D:4      | Noticed an ogre
  2770 | D:4      | Reached XP level 5. HP: 35/35 MP: 8/8
  2970 | D:4      | Found a white marble altar of Elyvilon.
  3145 | D:4      | Noticed Edmund
  3262 | D:4      | Found a runed translucent door.
  3263 | D:4      | Noticed Crazy Yiuf
  3641 | D:4      | Mangled by an ogre

Illustrated notes

Levels and vault maps discovered:
D:1:      eino_arrival_druids_welcome, layout_basic
D:2:      layout_basic
D:3:      minmay_skewed_foursquare, layout_basic,
          hellmonk_ecumenical_altar_zigzags, grunt_ministairs_7,
          chequers_serial_rivers_small_a, chequers_arboretum, minivault_24,
          palyth_stone_intersect
D:4:      layout_rooms, elyvilon_altar_5, uniq_crazy_yiuf_cottage, uniq_edmund

Skill      XL: |  1  2  3  4  5 |
---------------+----------------+-----
Stealth        | 1 2 3 |  3.0
Poison Magic   | 1 |  1.6
Fighting       | |  2.4
Maces & Flails | |  2.4
Staves         | |  0.7
Throwing       | |  1.6
Dodging        | |  2.7
Spellcasting   | |  2.4
Translocations | |  3.2
Evocations     | |  0.3

Action                     |  1- 3 |  4- 6 || total
---------------------------+-------+-------++-------
  Melee: Mace              |    34 |       ||    34
         Constrict         |    16 |     9 ||    25
         Tentacles         |    13 |    10 ||    23
         Staff             |    23 |    60 ||    83
         Punch             |       |     1 ||     1
   Fire: Sling             |    17 |    57 ||    74
  Throw: Dart              |       |    11 ||    11
   Cast: Teleport Other    |       |     9 ||     9
         Blink             |       |     2 ||     2
   Stab: Sleeping          |     5 |       ||     5
 Armour: Skin              |     2 |     5 ||     7
  Dodge: Dodged            |    30 |    39 ||    69

Table legend: (Time is in decaauts)
 A = Elapsed time spent in this place.
 B = Non-inter-level travel time spent in this place.
 C = Inter-level travel time spent in this place.
 D = Time resting spent in this place.
 E = Time spent auto-exploring this place.
 F = Levels seen in this place.
 G = Mean time per level.
                   A        B        C        D        E       F      G
               +--------+--------+--------+--------+--------+-----+--------+
         Total |   3665 |   3455 |    210 |      0 |   2766 |   4 |  916.2 |
       Dungeon |   3665 |   3455 |    210 |      0 |   2766 |   4 |  916.2 |
               +--------+--------+--------+--------+--------+-----+--------+

Top non-repeatable levels by time:
     D:3: 1200 daAuts
     D:2: 853 daAuts
     D:4: 836 daAuts
     D:1: 774 daAuts
